 Dungeon Crawl Stone Soup version 0.29.1-14-g9c671dbff4 (webtiles) character file.

Game seed: 11174958664699225909

68927 Kangrisorn the Warrior (level 14, -1/133 (135) HPs)
             Began as a Minotaur Fighter on Feb 11, 2023.
             Was the Champion of Okawaru.
             Killed by nerve-wracking pain
             ... invoked by an orc high priest
              (5 damage)
             ... on level 2 of the Orcish Mines on Feb 12, 2023.
             The game lasted 01:41:03 (20071 turns).

Kangrisorn the Warrior (Minotaur Fighter)          Turns: 20071, Time: 01:41:04

HP:   -1/133 (135)  AC: 25    Str: 31    XL:     14   Next: 88%
MP:   13/13         EV:  7    Int:  7    God:    Okawaru [******]
Gold: 209           SH: 15    Dex: 11    Spells: 13/13 levels left

rFire   . . .      SeeInvis .   P - +3 broad axe (vorpal)
rCold   . . .      Faith    .   L - +2 kite shield
rNeg    + . .      Spirit   .   W - +6 plate armour of the Plum {Int+2}
rPois   .          Reflect  .   (helmet restricted)
rElec   +          Harm     .   (no cloak)
rCorr   +          Rampage  .   n - +2 pair of gloves
Will    +....                   M - +1 pair of boots {Fly}
Stlth   ..........              (no amulet)
HPRegen 0.32/turn               O - ring of the Amoeba {rElec rCorr Str+6 Slay+5 Stlth-}
MPRegen 0.13/turn               A - ring of positive energy

@: corroded, flying, lightly drained
A: horns 2, retaliatory headbutt
a: Renounce Religion, Heroism, Finesse, Duel


You were on level 2 of the Orcish Mines.
You worshipped Okawaru.
Okawaru was exalted by your worship.
You visited 4 branches of the dungeon, and saw 19 of its levels.

You collected 2005 gold pieces.
You spent 1796 gold pieces at shops.

Inventory:

Hand Weapons
 a - a +2 war axe of flaming
 G - the +2 long sword "Bogimy" {venom, rPois Int+8 Dex-3}
   (You found it on level 7 of the Dungeon)

   It poisons the flesh of those it strikes.
   Int:       It affects your intelligence (+8).
   Dex:       It affects your dexterity (-3).
   rPois:     It protects you from poison.
 P - a +3 vorpal broad axe (weapon)
Missiles
 b - 19 poisoned darts
 r - 6 boomerangs (quivered)
 s - 2 silver boomerangs
 C - 3 throwing nets
 R - 2 javelins
 U - 4 silver javelins
 X - an atropa-tipped dart
 Y - a datura-tipped dart
Armour
 n - a +2 pair of gloves (worn)
 L - a +2 kite shield (worn)
 M - a +1 pair of boots of flying (worn)
 Q - +0 fire dragon scales
 W - the +6 plate armour of the Plum (worn) {Int+2}
   (You bought it in a shop on level 2 of the Orcish Mines)

   Int:       It affects your intelligence (+2).
Jewellery
 c - a +6 ring of strength
 h - a ring of poison resistance
 x - an amulet of regeneration
 A - a ring of positive energy (right hand)
 D - a ring of flight
 I - a ring of fire
 J - a ring of protection from cold
 O - the ring of the Amoeba (left hand) {rElec rCorr Str+6 Slay+5 Stlth-}
   (You found it on level 8 of the Dungeon)

   [ring of strength]

   Str:       It affects your strength (+6).
   Slay:      It affects your accuracy & damage with ranged weapons and melee
   (+5).
   rElec:     It insulates you from electricity.
   rCorr:     It protects you from acid and corrosion.
   Stlth:     It makes you less stealthy.
Wands
 u - a wand of light (17)
 v - a wand of roots (22)
 B - a wand of polymorph (13)
 E - a wand of digging (7)
 T - a wand of flame (1)
Scrolls
 g - 12 scrolls of teleportation
 i - a scroll of magic mapping
 m - a scroll of blinking
 q - a scroll of immolation
 t - 2 scrolls of brand weapon
 y - a scroll of fog
 F - 2 scrolls of amnesia
 H - 3 scrolls of identify
 K - 2 scrolls of silence
 N - 2 scrolls of fear
 S - 3 scrolls of poison
Potions
 d - a potion of might
 f - 5 potions of curing
 j - 2 potions of brilliance
 k - 7 potions of haste
 l - 6 potions of cancellation
 o - 2 potions of berserk rage
 p - a potion of resistance
 w - 3 potions of lignification
 z - 2 potions of ambrosia
 V - 3 potions of mutation


   Skills:
 + Level 15.1 Fighting
 + Level 14.9 Axes
 + Level 10.9 Throwing
 + Level 15.0 Armour
 + Level 15.0 Shields


You had 13 spell levels left.
You didn't know any spells.
Your spell library contained the following spells:

 Spells                   Type           Power      Damage    Failure   Level
 Apportation              Tloc           0%         N/A       99%         1
 Magic Dart               Conj           0%         1d3       99%         1
 Necrotise                Necr           0%         1d4       99%         1
 Shock                    Conj/Air       0%         1d3       99%         1
 Sting                    Tmut/Pois      0%         1d3       99%         1
 Blink                    Tloc           0%         N/A       99%         2
 Poisonous Vapours        Pois/Air       0%         N/A       99%         2
 Scorch                   Fire           0%         2d5       99%         2
 Static Discharge         Conj/Air       0%         3-3/arc   99%         2
 Mephitic Cloud           Conj/Pois/Air  0%         N/A       100%        3
 Swiftness                Air            0%         N/A       100%        3
 Vampiric Draining        Necr           0%         2d6       100%        3
 Airstrike                Air            0%         2d(0-16)  100%        4
 Flame Wave               Conj/Fire      0%         2d4       100%        4
 Fulminant Prism          Conj/Hex       0%         3d6       100%        4
 Iskenderun's Mystic Bla  Conj/Tloc      0%         2d3       100%        4
 Olgreb's Toxic Radiance  Pois           0%         N/A       100%        4
 Passage of Golubria      Tloc           0%         N/A       100%        4
 Agony                    Necr           0%         N/A       100%        5
 Fireball                 Conj/Fire      0%         3d3       100%        5
 Iskenderun's Battlesphe  Conj           0%         2d6       100%        5
 Lee's Rapid Deconstruct  Erth           0%         3d5*      100%        5
 Lightning Bolt           Conj/Air       0%         1d11      100%        5
 Manifold Assault         Tloc           0%         N/A       100%        5
 Yara's Violent Unravell  Hex/Tmut       0%         3d3       100%        5
 Conjure Ball Lightning   Conj/Air       0%         3x3d6     100%        6
 Orb of Destruction       Conj           0%         9d5       100%        7
 Storm Form               Tmut/Air       0%         N/A       100%        7
 Discord                  Hex            0%         N/A       100%        8
 Disjunction              Tloc           0%         N/A       100%        8
 Maxwell's Capacitive Co  Air            0%         ∞         100%        8
 Summon Small Mammal      Summ           Unusable   N/A       N/A         1
 Call Imp                 Summ           Unusable   N/A       N/A         2
 Tukima's Dance           Hex            Unusable   N/A       N/A         3
 Summon Ice Beast         Ice/Summ       Unusable   N/A       N/A         4
 Summon Mana Viper        Hex/Summ       Unusable   N/A       N/A         5
 Summon Cactus Giant      Summ           Unusable   N/A       N/A         6
 Monstrous Menagerie      Summ           Unusable   N/A       N/A         7

Dungeon Overview and Level Annotations

Branches:
Dungeon (11/15)            Temple (1/1) D:7            Lair (5/5) D:8
 Shoals (0/4) Lair:2        Snake (0/4) Lair:3        Slime (0/5) Lair:5
    Orc (2/2) D:10            Elf (0/3) Orc:2

Altars:
Ashenzari
Cheibriados
Dithmenos
Elyvilon
Fedhas
Gozag
Hepliaklqana
Kikubaaqudgha
Makhleb
Nemelex Xobeh
Okawaru
Qazlal
Ru
Sif Muna
Trog
Uskayaw
Vehumet
Wu Jian
Xom
Yredelemnul
Zin
The Shining One
Jiyva

Shops:
D:7 ?   Orc:2 *[?([


Innate Abilities, Weirdness & Mutations

You have a pair of horns on your head.
You reflexively headbutt those who attack you in melee.


Message History

The sixfirhy hits you but does no damage.
The orc sorcerer mumbles some strange words.
The sixfirhy hits you but does no damage.
The sixfirhy hits you. The sixfirhy shocks you. You resist.
* * * LOW HITPOINT WARNING * * *
The orc high priest calls down the wrath of Beogh upon you.
Beogh smites you!
* * * LOW HITPOINT WARNING * * *
The rust devil attacks as you move away!
You block the rust devil's attack. The sixfirhy hits you.
* * * LOW HITPOINT WARNING * * *
The sixfirhy shocks you. You resist.
* * * LOW HITPOINT WARNING * * *
The sixfirhy hits you.
* * * LOW HITPOINT WARNING * * *
The sixfirhy shocks you. You resist.
* * * LOW HITPOINT WARNING * * *
The sixfirhy hits you but does no damage.
You barely miss the sixfirhy. Your headbutt misses the sixfirhy.
The sixfirhy is moderately wounded.
The sixfirhy disappears in a puff of smoke!
The rust devil hits you. The rust devil corrodes you!
The orc sorcerer yells loudly.
The orc high priest prays.
The orc high priest invokes the aid of Beogh against you.
Beogh smites you!
* * * LOW HITPOINT WARNING * * *
As you read the scroll of fear, it crumbles to dust.
You assume a fearsome visage.
The orc sorcerer looks frightened!
The orc sorcerer gives up.
Blink to where?
Press: ? - help, Dir - move target
As you read the scroll of blinking, it crumbles to dust.
As you read the scroll of fog, it crumbles to dust.
The scroll dissolves into smoke.
As you read the scroll of teleportation, it crumbles to dust.
You feel strangely unstable.
Your surroundings seem slightly different.
The orc high priest calls down the wrath of Beogh upon you.
Pain shoots through your body!
You die...

#..#....∩§§....# .#..
#..##...#§#...## #).
#..#..#.§§§§#..#..#..
#....###o§§###....#..
#.....#o§§§.#.....#..
#......§#.#.......#..
#......#####......#..
##...............##).
##.@...).......##)..
######.).######))).
............)))))..
..........))..).#..
..........).)#)....
..........)..).....
..........).)#..#..
...#.......)..#.#..
.......#.........#.


You could see an orc high priest and an orc warrior.

Vanquished Creatures
  2 fire dragons (Lair:5)
  Josephine (D:10)
  A boulder beetle (Lair:4)
  10 hydras
  2 catoblepae
  A two-headed ogre (D:11)
  7 death yaks
  3 orc high priests (Orc:2)
  Nergalle (Lair:2)
  A swamp dragon (Lair:5)
  A lindwurm (Lair:5)
  An orc knight (Orc:1)
  A cyclops (D:11)
  2 orc sorcerers (Orc:2)
  5 black mambas
  2 merfolk sirens (Lair:2)
  Joseph (D:7)
  10 cane toads
  17 elephants
  5 torpor snails (Lair:5)
  Psyche (D:9)
  3 rime drakes
  9 komodo dragons
  6 trolls
  A polar bear (Lair:5)
  4 tyrant leeches (Lair:5)
  10 hornets
  A slime creature (Lair:5)
  16 blink frogs
  17 dream sheep
  Sigmund (D:2)
  2 shadows
  4 wyverns
  64 yaks
  4 basilisks
  6 wraiths (D:9)
  Eustachio (D:5)
  4 steam dragons
  3 humans (D:11)
  4 nagas (Lair:3)
  6 wargs
  10 water moccasins
  3 sky beasts
  A swamp drake (Lair:5)
  19 orc warriors
  A hornet zombie (D:5)
  4 black bears
  An ice beast (D:6)
  7 ogres
  A wolf (Lair:4)
  2 centaurs
  3 phantoms
  12 bullfrogs
  A necrophage (D:8)
  3 scorpions
  A gnoll sergeant (D:11)
  12 wights
  3 killer bees (D:10)
  11 electric eels
  2 vampire bats (D:6)
  6 howler monkeys
  9 jellies
  A centaur zombie (D:5)
  2 hounds
  24 orc priests
  A bullfrog skeleton (D:5)
  2 gnoll boudas
  6 iguanas
  25 orc wizards
  16 gnolls
  6 adders
  3 white imps
  An ufetubus (D:4)
  An adder zombie (D:5)
  5 worms
  4 dart slugs
  52 orcs
  4 ball pythons
  7 bats
  3 bat skeletons (D:6)
  2 bat zombies (D:6)
  9 endoplasms
  4 giant cockroaches
  4 goblins
  10 hobgoblins
  4 jackals (D:2)
  5 quokkas
  7 frilled lizards
  5 kobolds
  8 rats
  A spectral kobold (D:2)
575 creatures vanquished.

Vanquished Creatures (others)
  An orc (D:8)
  25 fungi
  83 plants
  3 withered plants (D:5)
112 creatures vanquished.

Grand Total: 687 creatures vanquished

Notes
Turn   | Place    | Note
-------+----------+-------------------------------------------
     0 | D:1      | Kangrisorn the Minotaur Fighter began the quest for the
                  | Orb.
     0 | D:1      | Reached XP level 1. HP: 19/19 MP: 0/0
   406 | D:1      | Reached XP level 2. HP: 27/27 MP: 1/1
  1008 | D:1      | Reached XP level 3. HP: 33/33 MP: 2/2
  1182 | D:2      | Found a faded altar of an unknown god.
  1192 | D:2      | Noticed Sigmund
  1210 | D:2      | Killed Sigmund
  1211 | D:2      | Reached XP level 4. HP: 38/41 MP: 3/3
  1211 | D:2      | Reached XP level 5. HP: 44/47 MP: 4/4
  1247 | D:2      | Reached skill level 5 in Shields
  1330 | D:2      | Reached skill level 5 in Fighting
  1487 | D:2      | Reached skill level 5 in Armour
  2098 | D:3      | Reached XP level 6. HP: 56/56 MP: 5/5
  2652 | D:4      | Found a large runed translucent door.
  2653 | D:4      | Found a large runed translucent door.
  2745 | D:4      | Reached skill level 5 in Axes
  2745 | D:4      | Reached XP level 7. HP: 13/62 MP: 6/6
  3335 | D:4      | Found an iron altar of Okawaru.
  3342 | D:4      | Became a worshipper of Warmaster Okawaru
  3348 | D:4      | Found a hazy altar of Hepliaklqana.
  3388 | D:5      | Entered Level 5 of the Dungeon
  3569 | D:5      | Noticed Eustachio
  3577 | D:5      | Reached XP level 8. HP: 71/71 MP: 7/7
  3585 | D:5      | Killed Eustachio
  3706 | D:5      | Reached * piety under Okawaru
  4673 | D:6      | Reached ** piety under Okawaru
  4674 | D:6      | Reached XP level 9. HP: 81/81 MP: 8/8
  4714 | D:6      | Found an ancient bone altar of Kikubaaqudgha.
  5050 | D:7      | Found a staircase to the Ecumenical Temple.
  5168 | D:7      | Noticed Joseph
  5186 | D:7      | Killed Joseph
  5187 | D:7      | Reached skill level 1 in Throwing
  5260 | D:7      | Identified the +2 long sword "Bogimy" {venom, rPois Int+8
                  | Dex-3}
  5470 | D:7      | Reached *** piety under Okawaru
  5573 | D:7      | Found Ezauss's Magic Scroll Boutique.
  5579 | D:7      | Bought a scroll of enchant armour for 112 gold pieces
  5579 | D:7      | Bought a scroll of teleportation for 45 gold pieces
  5579 | D:7      | Bought a scroll of brand weapon for 142 gold pieces
  5579 | D:7      | Bought a scroll of identify for 30 gold pieces
  5579 | D:7      | Bought a scroll of identify for 30 gold pieces
  6117 | D:8      | Reached XP level 10. HP: 86/91 MP: 9/9
  6163 | D:8      | Found a staircase to the Lair.
  6469 | D:8      | Reached **** piety under Okawaru
  6652 | D:8      | Identified the ring of the Amoeba {rElec rCorr Str+6 Slay+5
                  | Stlth-}
  6689 | D:8      | Upgraded the game from 0.29.1-13-g9f3cf754e1 to
                  | 0.29.1-14-g9c671dbff4
  6867 | D:9      | Noticed Psyche
  6905 | D:9      | Killed Psyche
  7102 | D:9      | Found a glowing silver altar of Zin.
  7103 | D:9      | Found a broken altar of Ashenzari.
  7103 | D:9      | Found a snail-covered altar of Cheibriados.
  7104 | D:9      | Found a glowing golden altar of the Shining One.
  7563 | D:10     | Entered Level 10 of the Dungeon
  7563 | D:10     | Noticed Josephine
  7575 | D:9      | Received a gift from Okawaru
  7575 | D:9      | Reached ***** piety under Okawaru
  7582 | D:9      | Reached skill level 10 in Fighting
  7589 | D:9      | Reached skill level 10 in Armour
  7589 | D:9      | Reached skill level 10 in Shields
  7724 | D:10     | Killed Josephine
  7725 | D:10     | Reached skill level 5 in Throwing
  7758 | D:10     | Reached skill level 10 in Axes
  7764 | D:10     | Received a gift from Okawaru
  7817 | D:10     | Reached XP level 11. HP: 101/101 MP: 10/10
  8234 | D:10     | Found a staircase to the Orcish Mines.
  8323 | D:10     | Found a sparkling altar of Nemelex Xobeh.
  8813 | D:11     | Noticed a death yak
  8813 | D:11     | Noticed a death yak
  8814 | D:11     | Noticed a death yak
  8814 | D:11     | Noticed a death yak
  9004 | D:11     | Killed a death yak
  9062 | D:11     | Killed a death yak
  9067 | D:11     | Killed a death yak
  9278 | D:11     | Noticed a death yak
  9282 | D:11     | Noticed a death yak
  9297 | D:11     | Killed a death yak
  9297 | D:11     | Received a gift from Okawaru
  9313 | D:11     | Killed a death yak
  9330 | D:11     | Killed a death yak
  9330 | D:11     | Received a gift from Okawaru
  9331 | D:11     | Reached XP level 12. HP: 67/111 MP: 11/11
  9606 | D:11     | Identified the +5 chain mail of Zaet {rF+ rCorr MP+9}
                  | (Okawaru gifted it to you on level 11 of the Dungeon)
  9606 | D:11     | Received a gift from Okawaru
  9897 | D:11     | Noticed a two-headed ogre
  9903 | D:11     | Killed a two-headed ogre
 10145 | D:11     | Noticed a seven-headed hydra
 10176 | D:11     | Killed a seven-headed hydra
 10181 | D:11     | HP: 4/112 [gnoll sergeant/+0 trident (2)]
 10678 | Lair:1   | Entered Level 1 of the Lair of Beasts
 11860 | Lair:2   | Noticed a four-headed hydra
 11866 | Lair:2   | Killed a one-headed hydra
 11880 | Lair:2   | Noticed Nergalle
 11891 | Lair:2   | Killed Nergalle
 12023 | Lair:2   | Noticed a four-headed hydra
 12029 | Lair:2   | Killed a one-headed hydra
 12098 | Lair:2   | Found a staircase to the Shoals.
 12224 | Lair:2   | Identified the +6 short sword "Iluos" {protect, MP+9 Str+4
                  | Stlth+}
 12594 | Lair:2   | Reached XP level 13. HP: 119/119 MP: 12/12
 12753 | Lair:2   | Received a gift from Okawaru
 13708 | Lair:3   | Reached ****** piety under Okawaru
 14164 | Lair:3   | Found a staircase to the Snake Pit.
 14586 | Lair:4   | Received a gift from Okawaru
 14597 | Lair:4   | Received a gift from Okawaru
 16064 | Lair:5   | Entered Level 5 of the Lair of Beasts
 16065 | Lair:5   | Found a viscous altar of Jiyva.
 16065 | Lair:5   | Found a staircase to the Slime Pits.
 16118 | Lair:5   | Reached XP level 14. HP: 132/132 MP: 13/13
 16244 | Lair:5   | Received a gift from Okawaru
 16374 | Lair:5   | Reached skill level 10 in Throwing
 17109 | Lair:5   | Received a gift from Okawaru
 17253 | Lair:5   | Identified the +0 robe "Forget-Me-Not" {+Blink Int+3}
                  | (Okawaru gifted it to you on level 5 of the Lair of Beasts)
 17253 | Lair:5   | Received a gift from Okawaru
 17786 | Lair:5   | Found a runed translucent door.
 18412 | D:7      | Bought a scroll of teleportation for 45 gold pieces
 18412 | D:7      | Bought a scroll of identify for 30 gold pieces
 18412 | D:7      | Bought 2 scrolls of enchant weapon for 225 gold pieces
 18412 | D:7      | Bought a scroll of identify for 30 gold pieces
 18525 | Temple   | Entered the Ecumenical Temple
 18695 | Orc:1    | Entered Level 1 of the Orcish Mines
 19406 | Orc:2    | Entered Level 2 of the Orcish Mines
 19554 | Orc:2    | Reached skill level 15 in Fighting
 19569 | Orc:2    | Reached skill level 15 in Shields
 19621 | Orc:2    | Reached skill level 15 in Armour
 20001 | Orc:2    | Found Yroi's Magic Scroll Boutique.
 20001 | Orc:2    | Found Gajys's Weapon Boutique.
 20001 | Orc:2    | Found Icseg's Armour Shop.
 20004 | Orc:2    | Found Jackiwk's Assorted Antiques.
 20012 | Orc:2    | Bought 4 silver javelins for 144 gold pieces
 20015 | Orc:2    | Bought the +6 plate armour of the Plum {Int+2} for 963 gold
                  | pieces
 20034 | Orc:2    | Found a staircase to the Elven Halls.
 20036 | Orc:2    | Found Erykesiy's Armour Shoppe.
 20060 | Orc:2    | HP: 1/133 [orc high priest/divine providence (11)]
 20071 | Orc:2    | Killed from afar by an orc high priest

Illustrated notes

Levels and vault maps discovered:
D:1:      sevenhm_arrival_forest_fort_small_4, layout_basic
D:2:      minmay_angry_zag, layout_rooms,
          dreamdust_ecumenical_altar_drowned_temple, uniq_sigmund
D:3:      layout_basic
D:4:      layout_cave_pools, jmf_multi_god_temple2
D:5:      layout_loops_ring, serial_undead, serial_undead_e, serial_undead_f,
          serial_undead_b, serial_undead_e, uniq_eustachio
D:6:      layout_loops_cross, kennysheep_vampire_church, grunt_ministairs_7
D:7:      layout_loops_ring, minmay_temple_entry_junction_2, serial_shops,
          nicolae_shop_trees, minmay_increasing_density, uniq_joseph
D:8:      minmay_weird_star, layout_rooms, dpeg_oklobed_lair, serial_bayou,
          serial_bayou_shore_b, serial_bayou_shore_a, serial_bayou_pond_e,
          serial_bayou_pond_c, serial_bayou_ford_a, serial_bayou_pond_b
D:9:      layout_loops_corners, chequers_temple_overflow_statue_of_worship,
          hangedman_abyss_or_decor_stabs, kennysheep_minor_cross, uniq_psyche
D:10:     layout_roguey, mainiacjoe_overflow_six_doors_small,
          minmay_orc_entry_guard_dogs, serial_bayou, serial_bayou_pond_c,
          serial_bayou_shore_b, serial_bayou_pond_a, serial_bayou_crossing,
          serial_bayou_lagoon_a, uniq_josephine
D:11:     slaughterhouse, layout_irregular_city
Temple:   jpeg_temple_clearing
Lair:1:   layout_regular_city, serial_bayou_shore_b, grunt_megastairs_5
Lair:2:   layout_cave_pods, elwin_shoals_entry_rooms, serial_bayou,
          serial_bayou_lagoon_b, serial_bayou_shore_b, serial_bayou_pond_e,
          serial_bayou_lake_a, serial_bayou_pond_b, uniq_nergalle
Lair:3:   layout_regular_city, minmay_snake_entry_guardpost_small,
          wad_woods_road_04, grunt_megastairs_2
Lair:4:   nzn_winding_woodlands_three_and_one
          [nzn_winding_woodlands_5x15_sawtooth, nzn_winding_woodlands_5x15_pool,
          nzn_winding_woodlands_5x15_jagged,
          nzn_winding_woodlands_center_triple_pond], layout_cave_pods,
          serial_bayou, serial_bayou_shore_b, serial_bayou_pond_a,
          serial_bayou_pond_b, serial_bayou_pond_d, infiniplex_staircase_pool_2
Lair:5:   guppyfry_lair_end_dragon, layout_small_grid, wormcave,
          minmay_slime_entry_pillars
Orc:1:    layout_caves
Orc:2:    st_orc_mages, layout_caves, serial_shops, shop_fountains

Skill      XL: |  1  2  3  4  5  6  7  8  9 10 11 12 13 14 |
---------------+-------------------------------------------+-----
Shields        | 4 5 6 7 9 10 11 12 14 15 | 15.0
Fighting       | 4 5 6 7 9 10 11 12 14 15 | 15.1
Armour         | 4 5 6 7 9 10 11 12 13 15 | 15.0
Axes           | 3 4 5 6 7 8 10 11 12 13 14 | 14.9
Throwing       | 3 5 6 8 9 10 | 10.9

Action                   |  1- 3 |  4- 6 |  7- 9 | 10-12 | 13-15 || total
-------------------------+-------+-------+-------+-------+-------++-------
Melee: War axe           |    73 |   118 |   314 |   444 |   333 ||  1282
       Headbutt          |    12 |    22 |    64 |   111 |   150 ||   359
       Broad axe         |       |       |       |       |   206 ||   206
Throw: Boomerang         |       |       |       |    14 |   136 ||   150
       Dart              |       |       |       |       |     7 ||     7
       Javelin           |       |       |       |       |     4 ||     4
Invok: Heroism           |       |       |     2 |     3 |     3 ||     8
Evoke: Wand              |       |       |       |    12 |       ||    12
  Use: Scroll            |     2 |     7 |    13 |    11 |    12 ||    45
       Potion            |     1 |       |     1 |     6 |     5 ||    13
 Stab: Petrified         |       |       |       |       |     4 ||     4
       Petrifying        |       |       |       |       |     2 ||     2
Armor: Scale mail        |     4 |       |       |       |       ||     4
       Chain mail        |    21 |    33 |       |   107 |   281 ||   442
       Plate armour      |       |    37 |   215 |   122 |    22 ||   396
Dodge: Dodged            |    26 |    38 |    93 |   100 |   137 ||   394
Block: Buckler           |     9 |    23 |    90 |       |       ||   122
       Kite shield       |       |       |    39 |   270 |   363 ||   672
